 Dungeon Crawl Stone Soup version 0.31-a0-978-g1e143483b6 (webtiles) character file.

Game seed: 15135612784911540428

2767 Dirtsage the Martial Artist (level 9, -7/49 (52) HPs)
             Began as an Octopode Shapeshifter on Oct 30, 2023.
             Was an Initiate of Wu Jian.
             Mangled by a wight
             ... wielding a +3 battleaxe
              (15 damage)
             ... on level 7 of the Dungeon.
             The game lasted 00:10:59 (5515 turns).

Dirtsage the Martial Artist (Octopode Shapeshifter) Turns: 5515, Time: 00:10:59

HP:   -7/49 (52)    AC:  5    Str: 14    XL:     9   Next: 69%
MP:   9/9           EV: 18    Int: 12    God:    Wu Jian [......]
Gold: 462           SH:  0    Dex: 19    Spells: 8/8 levels left

rFire   . .          .
                       - Unarmed
rCold   . . .        (no shield)
rNeg    + . .        (helmet restricted)
rPois   .            j - amulet of regeneration
rElec   .            f - +5 ring of evasion
rCorr   +            N - ring of positive energy
SInv    .            w - +4 ring of protection
Will    .....        (no ring)
Stlth   ++           (no ring)
HPRegen 1.08/turn    (no ring)
MPRegen 0.11/turn    (no ring)
                     (no ring)

%: no passive effects
@: maw-form, lightly drained
A: devouring maw, reduced hp, almost no armour, amphibious, 8 rings, camouflage
1, gelatinous body 1, (nimble swimmer 1), tentacles
a: Begin Untransformation, Renounce Religion


You were on level 7 of the Dungeon.
You worshipped Wu Jian.
Wu Jian was noncommittal.
You were a creature with a mouth for a stomach.
You visited 2 branches of the dungeon, and saw 9 of its levels.

You collected 518 gold pieces.
You spent 56 gold pieces at shops.

Inventory:

Missiles
 u - 2 throwing nets
Magical Staves
 p - a staff of fire
Jewellery
 f - a +5 ring of evasion (left tentacle)
 j - an amulet of regeneration (around mantle)
 w - a +4 ring of protection (on tentacle)
 A - a ring of fire
 N - a ring of positive energy (right tentacle)
Talismans
 b - a beast talisman
 c - a flux talisman
 s - the maw talisman of New Discoveries (active) {rCorr Dex+4 Stlth-}
   (You found it on level 6 of the Dungeon)

   [maw talisman]

   Dex+4:     It affects your dexterity (+4).
   rCorr:     It protects you from acid and corrosion.
   Stlth-:    It makes you less stealthy.
Wands
 x - a wand of quicksilver (7)
 y - a wand of flame (29)
Scrolls
 g - 5 scrolls of summoning
 h - a scroll of amnesia
 i - a scroll of torment {unknown}
 o - a scroll of enchant weapon
 r - 2 scrolls of vulnerability {unknown}
 t - 3 scrolls of teleportation
 v - 2 scrolls of immolation
 B - a scroll of poison {unknown}
Potions
 a - 4 potions of lignification
 d - 4 potions of might
 e - 2 potions of enlightenment
 k - a potion of heal wounds {unknown}
 l - 2 potions of invisibility {unknown}
 m - a potion of haste {unknown}
 n - a potion of resistance
 q - 5 potions of curing
 z - a potion of ambrosia {unknown}


   Skills:
 - Level 5.6 Fighting
 - Level 2.0 Dodging
 - Level 8.6 Unarmed Combat
 + Level 8.4 Shapeshifting


You had 8 spell levels left.
You didn't know any spells.
Your spell library contained the following spells:

 Spells                   Type           Power      Damage    Failure   Level
 Necrotise                Necr           0%         1d4       32%         1
 Tukima's Dance           Hex            0%         N/A       69%         3
 Vampiric Draining        Necr           0%         2d6       69%         3
 Dimensional Bullseye     Hex/Tloc       0%         N/A       97%         4
 Iskenderun's Mystic Bla  Conj/Tloc      0%         2d3       97%         4
 Manifold Assault         Tloc           0%         N/A       97%         4
 Agony                    Necr           0%         N/A       100%        5
 Dispersal                Tloc           0%         N/A       100%        6
 Disjunction              Tloc           0%         N/A       100%        8


Dungeon Overview and Level Annotations

Branches:
Dungeon (8/15)             Temple (1/1) D:6
   Lair: D:8-11

Altars:
Ashenzari
Cheibriados
Dithmenos
Elyvilon
Fedhas
Gozag
Hepliaklqana
Kikubaaqudgha
Makhleb
Nemelex Xobeh
Okawaru
Qazlal
Ru
Sif Muna
Trog
Uskayaw
Wu Jian
Xom
Zin

Shops:
D:1 !   D:2 [:   D:5 (

Annotations:
D:7 Joseph


Innate Abilities, Weirdness & Mutations

You are a creature with a mouth for a stomach.
Your midsection houses a second, enormous mouth.
Your maximum health is decreased, since you lack skill for your form.
You cannot wear most types of armour.
You are amphibious.
You can wear up to eight rings at the same time.
Your skin changes colour to match your surroundings (Stealth+).
Your rubbery body absorbs attacks. (AC +1, EV +1)
((You are camouflaged when in or above water. (Stealth+)))
You have tentacles for arms and can constrict up to eight enemies at once.


Message History

The wight is wielding a +3 war axe of freezing.
Found an escape hatch in the ceiling.
Joseph unwields a +0 quarterstaff.
Joseph wields a +3 sling of freezing.
It is covered in frost.
Joseph shoots a sling bullet.
The sling bullet misses you.
The wight moves out of view.
A wight comes into view. It is wielding a +0 hand axe.
You lunge at Joseph.
You tentacle-slap Joseph. You grab Joseph. You bite Joseph.
Joseph is lightly wounded.
You constrict Joseph. The wight misses you.
Joseph unwields a +3 sling of freezing.
Joseph wields a +0 quarterstaff.
Joseph closely misses you.
There is an escape hatch in the ceiling here.
You tentacle-slap Joseph but do no damage.
You bite Joseph, but do no damage.
Joseph is lightly wounded.
You constrict Joseph, but do no damage. The wight misses you.
Joseph closely misses you.
You release your grip on Joseph.
The wight hits you with a +3 war axe of freezing.
The wight freezes you. The wight hits you with a +3 battleaxe!
You partially resist.
You feel drained. Joseph barely misses you.
A mysterious force pulls you upwards. The hatch slams shut behind you.
You take 13 damage, and have 39/50 hp.
MASSIVE DAMAGE!!
You bludgeon Joseph! You grab Joseph. You squeeze Joseph!
Joseph is heavily wounded.
You constrict Joseph. The wight hits you with a +3 battleaxe!
The wight closely misses you. Joseph misses you.
You take 7 damage, and have 32/50 hp.
You bludgeon Joseph! You bite Joseph, but do no damage.
Joseph is heavily wounded.
You constrict Joseph. The wight hits you with a +3 battleaxe!
You partially resist.
You feel drained. The wight completely misses you.
Joseph hits you with a +0 quarterstaff!
* * * LOW HITPOINT WARNING * * *
You take 25 damage, and have 7/49 hp.
MASSIVE DAMAGE!!
You tentacle-slap Joseph. You squeeze Joseph.
Joseph is severely wounded.
You constrict Joseph. The wight hits you with a +3 battleaxe!
You die...

##########.# #### #..........#
#... #.########.# ##.# #.# #.# #.#
#.# #.# #.# #.# #.# #.#
#######.########.# ######'#
..............##@# ##.......
#######.#####.##W##### #<.......
#.............##zz)..####รท.......
###.###.########.#.......<.......
#.# #.##.........#.............
#.# #........#...#.............
##'######.###.#.#.#....##.#.####
#...#####.###.#.#...#...........
#......................#..#####.
#...#####.###'#.#.#....#..# #.


You could see Joseph and 2 wights.

Vanquished Creatures
  Prince Ribbit (D:7)
  Sigmund (D:3)
  A wyvern (D:8)
  A steam dragon (D:7)
  2 sky beasts
  An ogre (D:4)
  2 centaurs
  2 phantoms
  A gnoll sergeant (D:7)
  2 bullfrogs
  4 scorpions
  4 wights (D:8)
  4 killer bees (D:6)
  A howler monkey (D:8)
  A crimson imp (D:7)
  4 orc priests
  3 hounds
  A sleepcap (D:7)
  2 jellies
  2 iguanas
  3 orc wizards
  12 gnolls
  8 adders
  A white imp (D:7)
  A worm (D:2)
  3 dart slugs
  17 orcs
  7 endoplasms
  2 giant cockroaches
  8 hobgoblins
  5 jackals
  9 kobolds
  2 quokkas
  8 ball pythons
  3 bats
  8 frilled lizards
  5 goblins
  2 rats
144 creatures vanquished.

Notes
Turn   | Place    | Note
-------+----------+-------------------------------------------
     0 | D:1      | Dirtsage the Octopode Shapeshifter began the quest for the
                  | Orb.
     0 | D:1      | Reached XP level 1. HP: 13/13 MP: 1/1
   108 | D:1      | Reached XP level 2. HP: 11/18 MP: 2/2
   172 | D:1      | Found a faded altar of an unknown god.
   387 | D:1      | Found Beubbibb's Distillery.
   398 | D:1      | Bought a potion of curing for 42 gold pieces
   398 | D:1      | Bought a potion of degeneration for 14 gold pieces
   649 | D:1      | Reached XP level 3. HP: 17/23 MP: 3/3
   758 | D:2      | You fall into a shaft and drop 2 floors!
   852 | D:2      | Found Jiurunk's Antique Armour Shop.
  1010 | D:2      | Found Toulaxef's Book Emporium.
  1245 | D:3      | Reached XP level 4. HP: 29/29 MP: 4/4
  1616 | D:3      | Found a shadowy altar of Dithmenos.
  1711 | D:3      | Noticed Sigmund
  1718 | D:3      | Killed Sigmund
  1719 | D:3      | Reached XP level 5. HP: 29/35 MP: 5/5
  1719 | D:3      | Reached XP level 6. HP: 34/41 MP: 6/6
  1856 | D:4      | Found a shimmering altar of Xom.
  1860 | D:4      | Found a hide-covered altar of Uskayaw.
  1882 | D:4      | Reached skill level 5 in Unarmed Combat
  2132 | D:4      | Reached skill level 5 in Shapeshifting
  2132 | D:4      | Reached XP level 7. HP: 28/46 MP: 7/7
  2447 | D:4      | Found an ancient bone altar of Kikubaaqudgha.
  2507 | D:5      | Entered Level 5 of the Dungeon
  2519 | D:5      | Found a white marble altar of Elyvilon.
  2597 | D:5      | Found a broken altar of Ashenzari.
  2823 | D:5      | Found a snail-covered altar of Cheibriados.
  2844 | D:5      | Found Yxisu's Weapon Emporium.
  2967 | D:5      | Reached XP level 8. HP: 54/54 MP: 8/8
  3086 | D:6      | Found a staircase to the Ecumenical Temple.
  3096 | D:6      | Found a stormy altar of Qazlal.
  3098 | Temple   | Entered the Ecumenical Temple
  3342 | D:6      | Found a bloodstained altar of Trog.
  3344 | D:6      | Found an ornate altar of the Wu Jian Council.
  3349 | D:6      | Became a worshipper of the Wu Jian Council
  3476 | D:6      | Identified the maw talisman of New Discoveries {rCorr Dex+4
                  | Stlth-}
  3550 | D:6      | Found a shimmering blue altar of Sif Muna.
  3767 | D:7      | Noticed Prince Ribbit
  3775 | D:7      | Killed Prince Ribbit
  3832 | D:7      | Reached XP level 9. HP: 60/60 MP: 9/9
  3849 | D:7      | Reached skill level 5 in Fighting
  4983 | D:8      | Noticed Joseph
  5515 | D:7      | Mangled by a wight

Illustrated notes

Levels and vault maps discovered:
D:1:      dpeg_arrival_refuge, layout_loops_ring, ebering_ecumenical_altar_rust,
          serial_shops, nicolae_lakefront_shop, hangedman_decor_lopped
D:2:      layout_rooms, serial_shops, nicolae_shop_tiny_glass, shop
D:3:      layout_basic, general_overflow_altar, uniq_sigmund
D:4:      layout_rooms, marbit_many_paths, brannock_xom_greatest_gift,
          mainiacjoe_overflow_cross_hatched, roderic_lattice_a
D:5:      layout_rooms, elyvilon_altar_5, kennysheep_slug_shrine,
          mainiacjoe_overflow_boulevard, serial_shops, nicolae_shop_waterfront,
          minmay_quadrilaterals
D:6:      layout_loops_ring, nicolae_qazlal_scattered_showers, minitemple,
          kennysheep_mini, temple_fountains, hex_medium
D:7:      layout_basic, minmay_fire_ice_demons, uniq_prince_ribbit1
D:8:      layout_basic, uniq_joseph
Temple:   nicolae_temple_two_arcs

Skill      XL: |  1  2  3  4  5  6  7  8  9 |
---------------+----------------------------+-----
Fighting       | 2 3 4 5 |  5.6
Unarmed Combat | 4 5 6 7 8 |  8.6
Shapeshifting  | 4 5 7 8 |  8.4
Dodging        | |  2.0

Action                     |  1- 3 |  4- 6 |  7- 9 || total
---------------------------+-------+-------+-------++-------
  Melee: Unarmed           |    71 |    77 |   203 ||   351
         Tentacles         |    17 |    13 |    51 ||    81
         Constrict         |    17 |    18 |    52 ||    87
         Punch             |     3 |     4 |    10 ||    17
         Maw               |       |       |     6 ||     6
Ability: Lunge             |       |       |    13 ||    13
    Use: Scroll            |     7 |       |     4 ||    11
         Potion            |       |       |     2 ||     2
   Stab: Sleeping          |     7 |       |    10 ||    17
 Armour: Skin              |    18 |    28 |    63 ||   109
  Dodge: Dodged            |    31 |    47 |   135 ||   213
   Form: Maw               |       |       |     1 ||     1

Table legend: (Time is in decaauts)
 A = Elapsed time spent in this place.
 B = Non-inter-level travel time spent in this place.
 C = Inter-level travel time spent in this place.
 D = Time resting spent in this place.
 E = Time spent auto-exploring this place.
 F = Levels seen in this place.
 G = Mean time per level.
                   A        B        C        D        E       F      G
               +--------+--------+--------+--------+--------+-----+--------+
         Total |   5475 |   5330 |    145 |    107 |   4272 |   9 |  608.3 |
       Dungeon |   5473 |   5328 |    145 |    107 |   4272 |   8 |  684.1 |
        Temple |      1 |      1 |      0 |      0 |      0 |   1 |    1.0 |
               +--------+--------+--------+--------+--------+-----+--------+

Top non-repeatable levels by time:
     D:7: 1010 daAuts
     D:4: 742 daAuts
     D:8: 725 daAuts
     D:6: 684 daAuts
     D:1: 650 daAuts
     D:3: 622 daAuts
     D:5: 562 daAuts
     D:2: 474 daAuts
  Temple: 1 daAuts
